 Dungeon Crawl Stone Soup version 0.20-a0-1015-g2ec8a95 (webtiles) character file.

119 Lochraine the Grave Robber (level 5, -1/38 HPs)
             Began as a Ghoul Necromancer on Apr 15, 2017.
             Slain by a water moccasin (7 damage)
             ... on level 4 of the Dungeon.
             The game lasted 00:05:35 (2415 turns).

Lochraine the Grave Robber (Ghoul Necromancer)      Turns: 2415, Time: 00:05:35

Health: -1/38      AC:  3    Str: 12    XL:     5   Next: 3%
Magic:  8/8        EV: 17    Int: 16    God:
Gold:   102        SH:  0    Dex: 14    Spells: 8/9 levels left

rFire    x . .     SeeInvis .     - Unarmed
rCold    + + .     Gourm    .   (no shield)
rNeg     + + +     Faith    .   j - +0 leather armour
rPois    ∞         Spirit   .   (no helmet)
rElec    .         Reflect  .   (no cloak)
rCorr    .         Harm     .   (no gloves)
MR       .....                  (no boots)
Stlth    +++.......             (no amulet)
Regen    0.0/turn               g - ring of ice
MPRegen  0.2/turn               (no ring)

@: brilliant, agile, very slightly contaminated, rotting
A: rotting body, claws 1, carnivore 3, cold resistance 1, negative energy
resistance 3, inhibited regeneration, torment resistance, unbreathing
a: no special abilities


You were on level 4 of the Dungeon.
You were not hungry.

You visited 1 branch of the dungeon, and saw 4 of its levels.

You collected 102 gold pieces.

Inventory:

Missiles
 l - 8 javelins of penetration (quivered)
Armour
 a - a +0 robe
 j - a +0 leather armour (worn)
Jewellery
 g - a ring of ice (left claw)
Scrolls
 i - a scroll of magic mapping {unknown}
 n - a scroll of teleportation {unknown}
 q - a scroll of amnesia {unknown}
Potions
 d - a potion of flight
 k - a potion of cancellation {unknown}
 o - a potion of agility
 p - a potion of heal wounds {unknown}
Books
 b - a book of Necromancy

   Spells                             Type                      Level
   a - Pain                           Necromancy                   1
   b - Animate Skeleton               Necromancy                   1
   c - Vampiric Draining              Necromancy                   3
   d - Regeneration                   Charms/Necromancy            3
   e - Animate Dead                   Necromancy                   4
   f - Control Undead                 Necromancy                   4
Comestibles
 c - a meat ration
 m - 4 chunks of flesh


   Skills:
 - Level 1.7 Dodging
 - Level 2.1 Stealth
 + Level 2.5 Unarmed Combat
 + Level 2.9 Spellcasting
 + Level 4.6 Necromancy


You had 8 spell levels left.
You knew the following spells:

 Your Spells              Type           Power        Failure   Level  Hunger
a - Pain                  Necr           ####         1%          1    #......


Dungeon Overview and Level Annotations

Branches:
Dungeon (3/15)

Altars:


Innate Abilities, Weirdness & Mutations

Your body is rotting away.
You thrive on raw meat.
You are immune to poison.
You have sharp fingernails.
You are carnivorous and can eat meat at any time.
Your flesh is cold resistant. (rC+)
You are immune to negative energy. (rN+++)
You do not regenerate when monsters are visible.
You are immune to unholy pain and torment.
You can survive without breathing.


Message History

You are very lightly contaminated with residual magic.
As you read the scroll labeled RAUDOYXZURR, it crumbles to dust.
It was a scroll of blinking.
Okay, then.
Unknown command.
The quokka barely misses you. The water moccasin bites you!
The worker ant bites you.
* * * LOW HITPOINT WARNING * * *
The water moccasin closely misses you. The quokka bites you.
* * * LOW HITPOINT WARNING * * *
The worker ant waves its antennae.
The water moccasin barely misses you.
It was a potion of brilliance.
You feel clever all of a sudden. The worker ant closely misses you.
The water moccasin closely misses you.
It was a potion of agility.
You feel agile all of a sudden. The water moccasin bites you!
You die...

# ### .# ..
#.# ..# #..#
#.# ##..#
#####.###@.#
##.....raS.##
#.......h###
#........#
#........#
#........####
#........#..#
+.)>........#
+.......#.#.#


You could see a water moccasin, a hound, a worker ant and a quokka.

Vanquished Creatures
  A howler monkey (D:3)
  3 adders
  An ooze (D:2)
  4 worms
  2 dart slugs (D:2)
  3 leopard geckos
  An orc (D:3)
  3 giant cockroaches
  2 goblins (D:2)
  A hobgoblin (D:2)
  2 quokkas (D:2)
  5 bats
  3 frilled lizards (D:2)
  3 rats
34 creatures vanquished.

Notes
Turn   | Place    | Note
-------+----------+-------------------------------------------
     0 | D:1      | Lochraine the Ghoul Necromancer began the quest for the Orb.
     0 | D:1      | Reached XP level 1. HP: 14/14 MP: 2/2
   442 | D:1      | Reached XP level 2. HP: 15/19 MP: 4/4
   712 | D:2      | Reached skill level 1 in Unarmed Combat
  1569 | D:2      | Reached XP level 3. HP: 24/24 MP: 5/5
  1971 | D:2      | Reached XP level 4. HP: 33/33 MP: 6/6
  2363 | D:3      | Reached XP level 5. HP: 25/38 MP: 4/8
  2398 | D:3      | You fall through a shaft!
  2398 | D:4      | Noticed a water moccasin
  2402 | D:4      | Noticed an ogre
  2415 | D:4      | Slain by a water moccasin

Vault maps used:
D:1:      dpeg_arrival_castle, serial_forest, infiniplex_forest_clump_tiny,
          infiniplex_forest_straight_2, infiniplex_forest_zigzag_2,
          infiniplex_forest_lined_4_way
D:4:      kennysheep_big_flooded_room, first_bread

Skill      XL: |  1  2  3 |
---------------+----------+-----
Spellcasting   | 2 |  2.9
Unarmed Combat | 1 2 |  2.5
Dodging        | |  1.7
Stealth        | |  2.1
Necromancy     | |  4.6

Action                   |  1- 3 |  4- 6 || total
-------------------------+-------+-------++-------
Melee: Unarmed           |   109 |    42 ||   151
       Punch             |     1 |       ||     1
Throw: Javelin           |     4 |       ||     4
 Cast: Pain              |    20 |     7 ||    27
  Use: Scroll            |       |     2 ||     2
       Potion            |       |     2 ||     2
 Stab: Sleeping          |     3 |       ||     3
  Eat: Chunk             |    14 |     3 ||    17
Armor: Robe              |    14 |       ||    14
       Leather armour    |     6 |     2 ||     8
Dodge: Dodged            |    70 |    26 ||    96
